 Dungeon Crawl Stone Soup version 0.28.0-62-gf88900778d (webtiles) character file.

Game seed: 15694594591467385750

88 tkbsonic5 the Shooter (level 4, -1/57 HPs)
             Began as a Minotaur Hunter on Nov 8, 2023.
             Slain by a gnoll
             ... wielding a +0 halberd
              (9 damage)
             ... on level 2 of the Dungeon.
             The game lasted 00:04:23 (1396 turns).

tkbsonic5 the Shooter (Minotaur Hunter)             Turns: 1396, Time: 00:04:24

Health: -1/57      AC: 22    Str: 19    XL:     4   Next: 29%
Magic:  3/3        EV:  2    Int:  8    God:
Gold:   60         SH:  0    Dex: 10    Spells: 3/3 levels left

rFire   . . .      SeeInvis .   b - +0 short sword
rCold   . . .      Faith    .   (no shield)
rNeg    . . .      Spirit   .   (armour currently unavailable)
rPois   +          Reflect  .   (helmet currently unavailable)
rElec   .          Harm     .   (cloak currently unavailable)
rCorr   .          Rampage  .   (gloves currently unavailable)
Will    .....      NoTele   +   (boots currently unavailable)
Stlth   +.........              (no amulet)
HPRegen 0.19/turn               (no ring)
MPRegen 0.08/turn               (no ring)

@: tree-form, attractive
A: stationary, stasis, torment immunity, boosted hp, (horns 2), (retaliatory
headbutt)
a: no special abilities


You were on level 2 of the Dungeon.
You were a tree.
You visited 1 branch of the dungeon, and saw 2 of its levels.

You collected 60 gold pieces.

Inventory:

Hand Weapons
 a - a +1 shortbow
 b - a +0 short sword (weapon)
 l - a +0 hunting sling
Missiles
 j - 46 bolts
Armour
 c - a +0 leather armour (melded)
 e - a +0 pair of boots (melded)
Scrolls
 g - a scroll of fear {unknown}
 h - a scroll of silence {unknown}
 m - a scroll of identify {unknown}
Potions
 f - a potion of attraction


   Skills:
 * Level 3.3 Fighting
 + Level 0.7 Short Blades
 * Level 5.0 Bows
 + Level 1.8 Armour
 * Level 3.2 Dodging
 - Level 0.7 Stealth


You had 3 spell levels left.
You didn't know any spells.
Your spell library was empty.

Dungeon Overview and Level Annotations

Branches:
Dungeon (2/15)

Altars:


Innate Abilities, Weirdness & Mutations

You are a tree.
Your roots penetrate the ground, keeping you stationary.
You cannot be teleported.
You are immune to unholy pain and torment.
Your maximum health is greatly increased.
Your equipment is partially melded.
((You have a pair of horns on your head.))
((You reflexively headbutt those who attack you in melee.))


Message History

You barely miss the gnoll.
The gnoll is severely wounded.
The gnoll hits you from afar with a +0 halberd.
The gnoll hits you but does no damage.
You hit the gnoll but do no damage.
The gnoll is severely wounded.
The gnoll hits you from afar with a +0 halberd!
The gnoll hits you with a +0 club.
* * * LOW HITPOINT WARNING * * *
It was a potion of lignification.
You turn into a tree.
Your +0 pair of boots melds into your body.
Your +0 leather armour melds into your body.
Your roots penetrate the ground.
The gnoll hits you but does no damage. x2
You hit the gnoll but do no damage.
The gnoll is severely wounded.
The gnoll hits you but does no damage. The gnoll hits you with a +0 club.
* * * LOW HITPOINT WARNING * * *
The gnoll hits you but does no damage.
It was a potion of curing.
You feel better. The gnoll completely misses you.
The gnoll hits you from afar with a +0 halberd.
* * * LOW HITPOINT WARNING * * *
You hit the gnoll but do no damage. Your punch misses the gnoll.
The gnoll is severely wounded.
The gnoll hits you but does no damage.
The gnoll hits you from afar with a +0 halberd.
* * * LOW HITPOINT WARNING * * *
You hit the gnoll.
You kill the gnoll!
The gnoll hits you but does no damage. The gnoll is attracted toward you.
The dart slug is attracted toward you.
You barely miss the gnoll.
The gnoll is heavily wounded.
The gnoll hits you but does no damage.
You hit the gnoll but do no damage.
The gnoll is heavily wounded.
The gnoll hits you but does no damage.
You hit the gnoll.
The gnoll is severely wounded.
The gnoll hits you with a +0 halberd!
You die...

#.#.#.###.##.##...#.##.#.#
#.#...............#.##.#.#
#.#######.##.######.##.#.#
#...................##.#.#
#####.....#.#.#########.#)#
..........#.#.# #.#.#
..........#.#.# #.#.#
..........#.#.##### #.#.#
..........+.)§wg♣.# #.#.#
......g...#(#.###.# #)#.#
...#.....)#.#.###.# #.#.#
...'.gg...'.......#####.#.#
...#......##..#####.....#.#
...#......##.>....#.#####.#
...#......#######.#.# #.#
...#......# #.# #.#
####.###### #.# #.#


You could see a gnoll and a dart slug.

Vanquished Creatures
  Jessica (D:2)
  2 gnolls (D:2)
  An adder (D:2)
  A ball python (D:1)
  5 endoplasms
  3 giant cockroaches (D:1)
  6 goblins
  2 hobgoblins
  2 quokkas
  A bat (D:1)
  3 kobolds (D:2)
  9 rats
36 creatures vanquished.

Notes
Turn   | Place    | Note
-------+----------+-------------------------------------------
     0 | D:1      | tkbsonic5 the Minotaur Hunter began the quest for the Orb.
     0 | D:1      | Reached XP level 1. HP: 18/18 MP: 0/0
   161 | D:1      | Reached skill level 1 in Armour
   161 | D:1      | Reached XP level 2. HP: 25/25 MP: 1/1
   441 | D:1      | Found a faded altar of an unknown god.
   822 | D:2      | Reached XP level 3. HP: 30/30 MP: 2/2
   934 | D:2      | Noticed Jessica
   945 | D:2      | Killed Jessica
  1378 | D:2      | Reached XP level 4. HP: 38/38 MP: 3/3
  1386 | D:2      | Reached skill level 5 in Bows
  1396 | D:2      | Slain by a gnoll

Illustrated notes

Levels and vault maps discovered:
D:1:      dpeg_arrival_ratfight, layout_loops_ring,
          shapermc_ecumenical_altar_totnotflames, serial_bayou_pond_b
D:2:      layout_basic, uniq_jessica

Skill      XL: |  1  2  3  4 |
---------------+-------------+-----
Armour         | 1 |  1.8
Fighting       | 3 |  3.3
Dodging        | 3 |  3.2
Bows           | 5 |  5.0
Short Blades   | |  0.7
Stealth        | |  0.7

Action                   |  1- 3 |  4- 6 || total
-------------------------+-------+-------++-------
Melee: Short sword       |       |    13 ||    13
 Fire: Shortbow          |    84 |     2 ||    86
  Use: Potion            |       |     3 ||     3
Armor: Leather armour    |     1 |     1 ||     2
       Skin              |       |     8 ||     8
Dodge: Dodged            |     7 |     6 ||    13
